 Dungeon Crawl Stone Soup version 0.28-a0-479-g5baa6b73be (webtiles) character file.

Game seed: 104116379753509756

762 Shayle the Skirmisher (level 7, -5/76 HPs)
             Began as an Ogre Warper on Sept 18, 2021.
             Was a Follower of the Shining One.
             Slain by an ogre (26 damage)
             ... on level 5 of the Dungeon.
             The game lasted 00:17:37 (6680 turns).

Shayle the Skirmisher (Ogre Warper)                 Turns: 6680, Time: 00:17:38

Health: -5/76      AC:  5    Str: 16    XL:     7   Next: 81%
Magic:  15/15      EV:  9    Int: 16    God:    the Shining One [*.....]
Gold:   253        SH:  0    Dex:  8    Spells: 12/17 levels left

rFire   . . .      SeeInvis .   m - +2 hand axe (freeze)
rCold   . . .      Faith    .   (no shield)
rNeg    . . .      Spirit   .   b - +0 robe
rPois   .          Reflect  .   (helmet restricted)
rElec   .          Harm     .   g - +1 cloak
rCorr   .          Rampage  .   (gloves unavailable)
Will    .....                   (boots unavailable)
Stlth   +.........              (no amulet)
HPRegen 0.22/turn               (no ring)
MPRegen 0.14/turn               (no ring)

@: glowing
A: large, unfitting armour, tough skin 1
a: Renounce Religion


You were on level 5 of the Dungeon.
You worshipped the Shining One.
The Shining One was aware of your devotion.
You visited 1 branch of the dungeon, and saw 6 of its levels.

You collected 273 gold pieces.
You spent 20 gold pieces at shops.

Inventory:

Hand Weapons
 a - a +0 spear
 m - a +2 hand axe of freezing (weapon)
 p - a +1 whip of venom
Missiles
 l - 9 boomerangs (quivered)
 q - 6 poisoned darts
 r - 6 silver boomerangs
Armour
 b - a +0 robe (worn)
 g - a +1 cloak (worn)
Jewellery
 d - a ring of flight
 k - a ring of see invisible
Scrolls
 e - 2 scrolls of identify
 f - a scroll of magic mapping
 h - 2 scrolls of noise
 i - a scroll of enchant armour


   Skills:
 + Level 6.6 Fighting
 + Level 4.9 Polearms
 - Level 1.0 Throwing
 - Level 2.1 Dodging
 + Level 5.5 Spellcasting
 - Level 2.6 Translocations
 + Level 2.2 Invocations


You had 12 spell levels left.
You knew the following spells:

 Your Spells              Type           Power      Damage    Failure   Level
a - Blink                 Tloc           N/A        N/A       7%          2
b - Teleport Other        Tloc           13%        N/A       14%         3

Your spell library contained the following spells:

 Spells                   Type           Power      Damage    Failure   Level
 Apportation              Tloc           26%        N/A       4%          1
 Animate Skeleton         Necr           8%         N/A       14%         1
 Summon Small Mammal      Summ           16%        N/A       14%         1
 Gell's Gravitas          Tloc           6%         N/A       14%         3
 Lesser Beckoning         Tloc           13%        N/A       14%         3
 Manifold Assault         Tloc           13%        N/A       78%         5


Dungeon Overview and Level Annotations

Branches:
Dungeon (6/15)
 Temple: D:4-7

Altars:
Cheibriados
Elyvilon
Hepliaklqana
Kikubaaqudgha
Trog
Uskayaw
Wu Jian
Xom
The Shining One

Shops:
D:2 ?

Annotations:
D:5 1 runed translucent door, heikuro's ghost, novice MiBe


Innate Abilities, Weirdness & Mutations

You are too large for most types of armour.
You have tough skin. (AC +1)


Message History

You hit Sigmund. You freeze Sigmund.
Sigmund is heavily wounded.
Sigmund points at you and mumbles some strange words.
You easily resist.
You hit Sigmund but do no damage.
Sigmund is heavily wounded.
Sigmund mumbles some strange words.
Sigmund flickers and vanishes for a moment.
Sigmund points at you and mumbles some strange words.
You easily resist.
You slash Sigmund! You freeze Sigmund.
Sigmund is almost dead.
Sigmund hits you with a +0 scythe.
You hit Sigmund. You freeze Sigmund.
Sigmund is almost dead.
You barely miss Sigmund.
Sigmund is almost dead.
Sigmund closely misses you.
You hit Sigmund. You freeze Sigmund.
You kill Sigmund!
Your Invocations skill increases to level 2!
Things that are here:
a +0 scythe; a +0 robe Magic restored.
HP restored.
There is an escape hatch in the floor here.
An ogre comes into view. It is wielding a +0 giant club.
The ogre shouts!
The ogre hits you with a +0 giant club!!
You hit the ogre. You freeze the ogre.
The ogre is lightly wounded.
The ogre hits you with a +0 giant club!
You hit the ogre. You freeze the ogre.
The ogre is moderately wounded.
The ogre hits you with a +0 giant club!!
* * * LOW HITPOINT WARNING * * *
You hit the ogre. You freeze the ogre.
The ogre is heavily wounded.
The ogre hits you with a +0 giant club!!
You die...

.# #.# .# #.# .# #.#
.### #.# ...# ##.##
...#########...######
..........>..#.......
...#########...#######..
.).# ##...@O.....# ####
############


You could see an ogre.

Vanquished Creatures
  Sigmund (D:5)
  A yak (D:4)
  An ogre (D:4)
  2 jellies
  2 hounds (D:4)
  Ijyb (D:5)
  An iguana (D:4)
  Natasha (twice) (D:2)
  A gnoll (D:4)
  5 adders
  3 adder skeletons (D:4)
  3 worms (D:4)
  2 dart slugs
  4 orcs
  7 endoplasms
  3 giant cockroaches
  6 goblins
  15 hobgoblins
  4 jackals
  2 quokkas (D:1)
  5 ball pythons
  4 bats
  A frilled lizard (D:3)
  12 kobolds
  4 rats
92 creatures vanquished.

Notes
Turn   | Place    | Note
-------+----------+-------------------------------------------
     0 | D:1      | Shayle the Ogre Warper began the quest for the Orb.
     0 | D:1      | Reached XP level 1. HP: 22/22 MP: 3/3
   237 | D:1      | Reached skill level 3 in Fighting
   237 | D:1      | Reached XP level 2. HP: 29/31 MP: 5/5
   633 | D:1      | Found a faded altar of an unknown god.
   659 | D:1      | Reached XP level 3. HP: 14/37 MP: 5/7
  1501 | D:2      | HP: 2/55 [poisoned by an adder]
  2174 | D:2      | Noticed Natasha
  2205 | D:2      | Reached XP level 4. HP: 41/48 MP: 8/8
  2310 | D:1      | Learned a level 2 spell: Blink
  2314 | D:1      | Learned a level 3 spell: Teleport Other
  2319 | D:2      | Found Komekkau's Magic Scroll Boutique.
  2326 | D:2      | Bought a scroll of identify for 20 gold pieces
  2551 | D:2      | Killed Natasha
  2552 | D:2      | Reached skill level 4 in Fighting
  2821 | D:2      | Noticed Natasha
  2833 | D:2      | Killed Natasha
  3047 | D:3      | Reached XP level 5. HP: 50/55 MP: 10/10
  3651 | D:3      | Found a hazy altar of Hepliaklqana.
  3655 | D:3      | Found a hide-covered altar of Uskayaw.
  3749 | D:3      | Found a glowing golden altar of the Shining One.
  3983 | D:3      | Became a worshipper of the Shining One
  4128 | D:4      | Reached skill level 5 in Fighting
  4146 | D:4      | Reached XP level 6. HP: 16/66 MP: 12/12
  4562 | D:4      | Found a glowing drain.
  5475 | D:5      | Entered Level 5 of the Dungeon
  5590 | D:5      | Noticed a yak
  5590 | D:5      | Noticed a yak
  5606 | D:6      | Noticed a sky beast
  5849 | D:5      | Noticed a yak
  5849 | D:5      | Noticed a yak
  5849 | D:5      | Noticed a yak
  5849 | D:5      | Noticed a yak
  5849 | D:5      | Found a runed translucent door.
  5849 | D:5      | Noticed heikuro's ghost (novice MiBe)
  6131 | D:4      | Killed a yak
  6132 | D:4      | Reached skill level 6 in Fighting
  6132 | D:4      | Reached skill level 5 in Spellcasting
  6132 | D:4      | Reached skill level 1 in Invocations
  6132 | D:4      | Reached XP level 7. HP: 63/75 MP: 14/14
  6268 | D:5      | Found an ancient bone altar of Kikubaaqudgha.
  6272 | D:5      | Found a shimmering altar of Xom.
  6272 | D:5      | Found a bloodstained altar of Trog.
  6272 | D:5      | Noticed Ijyb
  6272 | D:5      | Reached * piety under the Shining One
  6273 | D:5      | Found a snail-covered altar of Cheibriados.
  6273 | D:5      | Found an ornate altar of the Wu Jian Council.
  6273 | D:5      | Found a white marble altar of Elyvilon.
  6280 | D:5      | Paralysed by Ijyb for 2 turns
  6287 | D:5      | Paralysed by Ijyb for 5 turns
  6294 | D:5      | Paralysed by Ijyb for 5 turns
  6304 | D:5      | Paralysed by Ijyb for 5 turns
  6310 | D:5      | Paralysed by Ijyb for 2 turns
  6327 | D:5      | Killed Ijyb
  6638 | D:5      | Noticed Sigmund
  6650 | D:5      | Killed Sigmund
  6680 | D:5      | Slain by an ogre

Illustrated notes

Levels and vault maps discovered:
D:1:      dpeg_arrival_morbid_curiosity, layout_rooms,
          chequers_ecumenical_altar_simple_redux
D:2:      layout_basic, serial_shops, shop, uniq_natasha
D:3:      minmay_chambers_of_twos, layout_rooms, jmf_multi_god_temple,
          nicolae_overflow_hidden_temple
D:4:      layout_loops_cross, cheibrodos_sewer_entry_bend, grunt_decor_junction,
          minivault_14, cheibrodos_gnoll_hut
D:5:      layout_loops_ring, grunt_temple_overflow_open, ashenzari_altar_1,
          ebering_ghost_sewer_d, uniq_ijyb, uniq_sigmund, uniq_edmund
D:6:      layout_basic, okawaru_gym_becter, serial_park_tiny_1, uniq_grinder

Skill      XL: |  1  2  3  4  5  6  7 |
---------------+----------------------+-----
Fighting       | 3 4 5 6 |  6.6
Spellcasting   | 3 4 5 |  5.5
Polearms       | 3 4 |  4.9
Invocations    | 1 2 |  2.2
Throwing       | |  1.0
Dodging        | |  2.1
Translocations | |  2.6

Action                   |  1- 3 |  4- 6 |  7- 9 || total
-------------------------+-------+-------+-------++-------
Melee: Spear             |   165 |       |       ||   165
       Hand axe          |       |   187 |    54 ||   241
Throw: Boomerang         |       |     6 |       ||     6
 Cast: Teleport Other    |       |     4 |       ||     4
       Blink             |       |     2 |       ||     2
  Use: Potion            |     2 |     4 |       ||     6
       Scroll            |       |    10 |     1 ||    11
Armor: Robe              |    42 |    72 |    18 ||   132
       Skin              |     3 |    11 |       ||    14
Dodge: Dodged            |    81 |   112 |    17 ||   210

Table legend: (Time is in decaauts)
 A = Elapsed time spent in this place.
 B = Non-inter-level travel time spent in this place.
 C = Inter-level travel time spent in this place.
 D = Time resting spent in this place.
 E = Time spent auto-exploring this place.
 F = Levels seen in this place.
 G = Mean time per level.
                   A        B        C        D        E       F      G
               +--------+--------+--------+--------+--------+-----+--------+
         Total |   6734 |   6322 |    412 |   1562 |   3242 |   6 | 1122.3 |
       Dungeon |   6734 |   6322 |    412 |   1562 |   3242 |   6 | 1122.3 |
               +--------+--------+--------+--------+--------+-----+--------+

Top non-repeatable levels by time:
     D:4: 1933 daAuts
     D:2: 1494 daAuts
     D:1: 1447 daAuts
     D:3: 1222 daAuts
     D:5: 421 daAuts
     D:6: 214 daAuts
